Map: Winter Madness LE

Players

HoldTheDoor - Winner!

  • Race: Protoss Protoss
  • League: Diamond
  • Spawn Location: 5:00

FacelessMan

  • Race: Protoss Protoss
  • League: Diamond
  • Spawn Location: 11:00

VOD

Have the link to the VOD?

Description

Time

  • Played on: May 22, 2026, 1:06 p.m.
  • Length: 12:34
Show
View Real Time Build Order
Export as new Build Order

HoldTheDoor Protoss - Winner!

Build Orders:  

Get SALT Encoding   

  12  0:00  Probe  
  13  0:12  Probe  
  14  0:20  Pylon  
  14  0:24  Probe  
  15  0:34  Probe  
  15  0:40  Gateway  
  15  0:42  Probe  
  16  0:48  Assimilator  
  17  0:53  Probe  
  18  1:01  Assimilator  
  18  1:10  Probe  
  19  1:16  Gateway  
  19  1:22  Probe  
  20  1:32  Cybernetics Core  
  20  1:34  Probe  
  21  1:41  Pylon  
  21  1:46  Probe  
  22  1:53  Pylon  
  22  1:58  Stalker x2  
  22  2:11  Warp Gate  
  22  2:15  Probe  
  27  2:26  Sentry  
  27  2:27  Probe  
  30  2:39  Stalker  
  32  2:56  Nexus  
  32  2:58  Shield Battery  
  32  3:37  Probe  
  33  3:42  Stargate  
  33  3:45  Shield Battery  
  33  3:49  Probe  
  34  4:01  Probe  
  35  4:12  Pylon  
  35  4:18  Probe, Phoenix  
  35  4:19  Probe  
  35  4:21  Robotics Facility  
  37  4:27  Forge  
  37  4:30  Probe  
  40  4:34  Probe  
  41  4:39  Pylon  
  41  4:42  Probe  
  41  4:43  Oracle  
  45  4:50  Stalker x2  
  49  4:53  Probe  
  49  4:54  Probe  
  51  5:02  Pylon  
  51  5:08  Observer  
  51  5:13  Stalker  
  51  5:14  Stalker  
  56  5:24  Gateway  
  56  5:26  Pylon  
  56  5:27  Gateway  
  56  5:28  Pylon  
  56  5:32  Photon Cannon  
  56  5:33  Pylon  
  56  5:38  Photon Cannon  
  56  5:39  Probe  
  57  5:47  Photon Cannon  
  57  5:54  Immortal  
  61  6:06  Probe x2  
  61  6:09  Stalker x2  
  71  6:18  Probe  
  71  6:21  Probe  
  71  6:24  Void Ray  
  73  6:28  Pylon  
  73  6:30  Probe  
  74  6:33  Photon Cannon  
  74  6:34  Probe  
  75  6:43  Probe  
  76  6:55  Probe x2  
  78  7:07  Stalker x4  
  86  7:10  Immortal  
  90  7:20  Pylon  
  90  7:23  Gateway  
  90  7:25  Gateway  
  90  7:36  Assimilator  
  90  7:37  Assimilator  
  90  7:39  Photon Cannon  
  90  7:41  Probe  
  92  7:44  Probe  
  92  7:53  Pylon, Probe  
  93  8:00  Fleet Beacon  
  93  8:18  Pylon  
  93  8:24  Photon Cannon  
  93  8:26  Nexus  
  93  8:28  Probe x2  
  93  8:29  Pylon  
  93  8:30  Protoss Ground Weapons Level 1, Pylon  
  93  8:33  Zealot x6  
  107  8:37  Observer  
  107  8:40  Probe x2  
  110  8:52  Probe  
  111  8:57  Pylon  
  111  8:58  Photon Cannon  
  111  8:59  Probe  
  112  9:04  Probe  
  112  9:06  Tempest  
  80  9:32  Zealot x2  
  80  9:33  Stalker x2  
  80  9:34  Stalker x2  
  76  9:50  Immortal  
  80  10:02  Twilight Council  
  80  10:04  Stalker x4  
  80  10:05  Stalker  
  90  10:23  Unknown  
  90  10:29  Pylon  
  90  10:31  Charge  
  90  10:32  Photon Cannon  
  90  10:33  Pylon  
  90  10:35  Carrier  
  96  10:36  Shield Battery  
  96  10:56  Templar Archives  
  96  11:11  Nexus  
  96  11:14  Pylon  
  96  11:15  Shield Battery x2  
  96  11:17  Photon Cannon  
  96  11:19  Photon Cannon  
  96  11:26  Sentry x2  
  100  11:33  Probe  
  100  11:36  High Templar  
  100  11:39  High Templar  
  105  11:41  Zealot x2  
  105  11:43  Archon  
  105  11:44  Probe  
  105  11:45  Probe  
  111  11:56  Probe  
  110  12:06  Zealot x4  
  86  12:26  Stalker x4  
  86  12:27  Stalker  
Show
View Real Time Build Order
Export as new Build Order

FacelessMan Protoss 

Build Orders: Phoenix Opening, Zealot Archon, Dark Templar Rush 

Get SALT Encoding   

  12  0:00  Probe  
  13  0:13  Probe  
  14  0:24  Pylon  
  14  0:25  Probe  
  15  0:42  Probe  
  16  0:46  Gateway  
  16  0:53  Assimilator  
  16  0:56  Probe  
  17  0:57  Assimilator  
  17  1:05  Pylon  
  17  1:07  Probe  
  18  1:15  Probe  
  18  1:23  Probe  
  20  1:34  Probe  
  20  1:36  Cybernetics Core  
  20  1:39  Zealot  
  23  1:46  Probe  
  24  2:00  Gateway  
  24  2:01  Probe  
  25  2:10  Stalker  
  25  2:19  Probe  
  25  2:22  Pylon  
  28  2:26  Warp Gate  
  28  2:30  Stalker  
  28  2:32  Probe  
  30  2:44  Probe  
  30  2:48  Sentry  
  33  2:58  Probe  
  34  3:02  Robotics Facility  
  34  3:06  Phoenix  
  34  3:10  Twilight Council  
  34  3:24  Pylon  
  34  3:42  Shield Battery  
  34  3:44  Pylon  
  36  3:55  Dark Shrine  
  36  4:07  Charge  
  34  4:11  Immortal  
  37  4:22  Nexus  
  37  4:25  Probe  
  37  4:27  Stalker  
  40  4:37  Probe  
  41  4:49  Pylon  
  41  4:51  Probe  
  42  4:58  Phoenix  
  42  5:03  Probe  
  43  5:09  Gateway  
  43  5:15  Probe  
  43  5:17  Gateway  
  44  5:22  Gateway  
  44  5:27  Probe  
  45  5:34  Shield Battery  
  45  5:37  Assimilator, Probe  
  45  5:39  Probe  
  45  5:42  Observer  
  48  5:50  Warp Prism  
  48  5:54  Probe  
  51  6:04  Probe  
  51  6:08  Dark Templar x2  
  56  6:14  Dark Templar  
  56  6:15  Archon  
  58  6:19  Probe x2  
  60  6:26  Dark Templar  
  60  6:31  Probe x2  
  64  6:32  Gateway  
  64  6:38  Shield Battery  
  64  6:44  Shield Battery, Stalker  
  65  6:54  Probe  
  65  6:58  Dark Templar  
  65  6:59  Dark Templar  
  65  7:00  Dark Templar  
  72  7:03  Archon  
  72  7:04  Archon, Probe  
  73  7:16  Probe  
  73  7:17  Zealot x2  
  78  7:23  Pylon  
  78  7:27  Assimilator  
  78  7:37  Pylon  
  78  7:39  Pylon  
  78  7:42  Zealot  
  78  7:43  Zealot x2  
  84  7:44  Zealot  
  82  8:10  Probe  
  77  8:22  Probe  
  78  8:29  Zealot x2  
  78  8:30  Zealot x3  
  78  8:31  Zealot  
  90  8:34  Probe  
  91  8:47  Shield Battery  
  91  8:51  Robotics Bay  
  91  8:54  Forge  
  91  8:57  Zealot x3  
  91  8:58  Zealot x2  
  95  9:20  Zealot  
  95  9:21  Zealot x4  
  95  9:23  Zealot  
  89  9:42  Dark Templar x3  
  89  9:43  Dark Templar  
  89  9:58  Immortal  
  89  10:02  Archon x2  
  93  10:35  Photon Cannon  
  93  10:37  Nexus  
  93  10:39  Pylon  
  93  10:40  Photon Cannon  
  93  10:41  Photon Cannon  
  93  10:43  Pylon  
  93  10:45  Assimilator  
  93  10:46  Pylon  
  93  10:49  Assimilator, Probe  
  94  10:50  Pylon  
  94  10:52  Shield Battery  
  94  10:54  Photon Cannon  
  94  10:59  Dark Templar  
  94  11:00  Dark Templar x2  
  94  11:01  Dark Templar  
  94  11:02  Dark Templar  
  94  11:04  Dark Templar  
  106  11:09  Archon x2  
  106  11:10  Archon  
  105  11:29  Photon Cannon  
  105  11:31  Shield Battery  
  105  11:34  Photon Cannon  
  105  11:37  Zealot x2  
  105  11:38  Shield Battery, Zealot x2  
  105  11:39  Pylon  
  113  12:00  Zealot  
  113  12:01  Zealot x4  
  107  12:02  Zealot  
  75  12:22  Zealot x3  
  67  12:23  Zealot, Stalker x2  
Tags
 
Add a new tag
Caveats
  • Supply blocks, unpowered buildings, or Contaminate may cause inaccurate times.
  • Supply counts are checked every 10 seconds.